 Dungeon Crawl Stone Soup version 0.31-a0-986-g5e6e4ef867 (webtiles) character file.

Game seed: 4795113971663192600

172 Naiya55 the Chopper (level 5, -6/43 HPs)
             Began as a Formicid Fighter on Nov 4, 2023.
             Killed by divine providence
             ... invoked by an orc priest
              (16 damage)
             ... on level 3 of the Dungeon.
             The game lasted 00:01:52 (1441 turns).

Naiya55 the Chopper (Formicid Fighter)              Turns: 1441, Time: 00:01:53

Health: -6/43      AC:  6    Str: 22    XL:     5   Next: 83%
Magic:  5/5        EV:  9    Int:  8    God:
Gold:   147        SH:  5    Dex: 13    Spells: 4/4 levels left

rFire   . . .        a - +0 war axe
rCold   . . .        c - +0 buckler
rNeg    . . .        b - +0 scale mail
rPois   .            (helmet unavailable)
rElec   .            (no cloak)
rCorr   .            (no gloves)
SInv    +            (no boots)
Will    .....        (no amulet) Stlth
                     (no ring)
HPRegen 0.27/turn    (no ring)
MPRegen 0.09/turn

%: no passive effects
@: no status effects
A: permanent stasis, dig shafts and tunnels, antennae 3, four strong arms
a: Dig, Shaft Self


You were on level 3 of the Dungeon.
You visited 1 branch of the dungeon, and saw 3 of its levels.

You collected 147 gold pieces.

Inventory:

Hand Weapons
 a - a +0 war axe (weapon)
 m - a +0 flail
Armour
 b - a +0 scale mail (worn)
 c - a +0 buckler (worn)
Scrolls
 e - a scroll of identify {unknown}
 i - a scroll of poison {unknown}
 j - a scroll of blinking {unknown}
 l - a scroll of enchant armour {unknown}
 n - a scroll of teleportation {unknown}
 p - a scroll of amnesia {unknown}
 q - a scroll of vulnerability {unknown}
Potions
 d - 2 potions of might
 f - a potion of heal wounds {unknown}
 g - a potion of lignification {unknown}
 h - 2 potions of attraction {unknown}
 k - a potion of curing {unknown}
 o - a potion of mutation {unknown}


   Skills:
 + Level 4.6 Fighting
 * Level 4.6 Axes
 - Level 3.2 Armour
 - Level 4.0 Shields


You had 4 spell levels left.
You didn't know any spells.
Your spell library contained the following spells:

 Spells                   Type           Power      Damage    Failure   Level
 Freeze                   Ice            0%         1d3       80%         1
 Passwall                 Tmut/Erth      0%         N/A       91%         2
 Confusing Touch          Hex            0%         N/A       99%         3
 Dazzling Flash           Conj/Hex       0%         N/A       99%         3
 Frozen Ramparts          Ice            0%         1d1       99%         3
 Hailstorm                Conj/Ice       0%         3d3       99%         3
 Summon Guardian Golem    Hex/Summ       0%         N/A       99%         3
 Orb of Destruction       Conj           0%         9d5       100%        7
 Spellforged Servitor     Conj/Summ      0%         N/A       100%        7


Dungeon Overview and Level Annotations

Branches:
Dungeon (3/15)

Altars:


Innate Abilities, Weirdness & Mutations

You cannot be hasted, slowed, berserked, paralysed or teleported.
You can dig through walls and to a lower floor.
You have a pair of large antennae on your head. (SInv)
Your four strong arms can wield two-handed weapons with a shield.


Message History

You are too injured to fight recklessly!
You are too injured to fight recklessly!
You are too injured to fight recklessly!
You are too injured to fight recklessly!
You are too injured to fight recklessly!
You are too injured to fight recklessly!
You are too injured to fight recklessly!
You are too injured to fight recklessly!
You are too injured to fight recklessly!
You closely miss the orc wizard.
The orc wizard gestures at you while chanting.
The magic dart hits you. The orc wizard barely misses you.
You slash the orc wizard!
The orc wizard is heavily wounded.
The orc wizard gestures at you while chanting.
You resist with some effort.
You barely miss the orc wizard.
The orc wizard is heavily wounded.
The orc wizard hits you but does no damage.
You closely miss the orc wizard.
The orc wizard is heavily wounded.
The orc wizard hits you with a +0 dagger.
You block the orc wizard's attack.
You hit the orc wizard.
The orc wizard is almost dead.
The orc wizard casts a spell at you. The magic dart hits you.
You barely miss the orc wizard.
The orc wizard is almost dead.
The orc wizard points at you and mumbles some strange words.
The magic dart hits you.
* * * LOW HITPOINT WARNING * * *
You barely miss the orc wizard.
The orc wizard is almost dead.
The orc wizard hits you but does no damage.
You hit the orc wizard.
You kill the orc wizard!
The orc priest invokes the aid of Beogh against you.
Beogh smites you!
You die...

###.....####.........####...##
...).......+.........'.......####
###<....####.........####......)#
##.#.## ##.......## #...###.#
#.### ##.....## #.#.# # #.#
##...## #.#.# #.# ##'## #.#.# #.#
#.# #.#.# #.# #@# #.#.# #.# #)#
#. .. #.#


ooo #.# ..... #.# ##..<.. #.# ##..... .....## ...### You could see an orc priest
and 2 orcs.

Vanquished Creatures
  An orc priest (D:2)
  A sleepcap (D:3)
  An orc wizard (D:3)
  4 gnolls
  2 adders (D:2)
  A worm (D:2)
  A dart slug (D:2)
  3 orcs
  5 endoplasms
  A giant cockroach (D:1)
  3 goblins
  3 hobgoblins
  4 kobolds
  A quokka (D:3)
  10 ball pythons
  5 bats
  2 frilled lizards (D:2)
  9 rats
57 creatures vanquished.

Notes
Turn   | Place    | Note
-------+----------+-------------------------------------------
     0 | D:1      | Naiya55 the Formicid Fighter began the quest for the Orb.
     0 | D:1      | Reached XP level 1. HP: 18/18 MP: 1/1
   158 | D:1      | Reached XP level 2. HP: 24/24 MP: 2/2
   353 | D:1      | Reached XP level 3. HP: 30/30 MP: 3/3
   484 | D:2      | Identified the of Moruzxag
   526 | D:2      | Found a faded altar of an unknown god.
   716 | D:2      | Reached XP level 4. HP: 37/37 MP: 4/4
   803 | D:2      | Reached XP level 5. HP: 38/42 MP: 5/5
  1068 | D:3      | HP: 2/43 [gnoll/+0 whip (4)]
  1441 | D:3      | Killed from afar by an orc priest

Illustrated notes

Levels and vault maps discovered:
D:1:      heliophobic_arrival_dark_side_of_the_moon, layout_rooms, st_stairs_4
D:2:      cheibrodos_pilgrimage, layout_basic, shapermc_ecumenical_altar_petra,
          minmay_tromino_v4_a
D:3:      layout_loops_corners, serial_shops, shop

Skill      XL: |  1  2  3  4 |
---------------+-------------+-----
Axes           | 3 4 |  4.6
Fighting       | 4 |  4.6
Armour         | |  3.2
Shields        | |  4.0

Action                     |  1- 3 |  4- 6 || total
---------------------------+-------+-------++-------
  Melee: War axe           |    90 |    67 ||   157
 Armour: Scale mail        |    51 |    55 ||   106
  Dodge: Dodged            |    50 |    34 ||    84
  Block: Buckler           |    27 |    12 ||    39

Table legend: (Time is in decaauts)
 A = Elapsed time spent in this place.
 B = Non-inter-level travel time spent in this place.
 C = Inter-level travel time spent in this place.
 D = Time resting spent in this place.
 E = Time spent auto-exploring this place.
 F = Levels seen in this place.
 G = Mean time per level.
                   A        B        C        D        E       F      G
               +--------+--------+--------+--------+--------+-----+--------+
         Total |   1498 |   1470 |     28 |    139 |    946 |   3 |  499.3 |
       Dungeon |   1498 |   1470 |     28 |    139 |    946 |   3 |  499.3 |
               +--------+--------+--------+--------+--------+-----+--------+

Top non-repeatable levels by time:
     D:2: 717 daAuts
     D:1: 504 daAuts
     D:3: 276 daAuts
